 Dungeon Crawl Stone Soup version 0.30-a0-918-g0ff054e9dc (webtiles) character file.

Game seed: 13082163239934230821

263 Demosthentine the Ducker (level 5, -2/61 HPs)
             Began as a Demonspawn Gladiator on Mar 20, 2023.
             Was an Initiate of Hepliaklqana.
             Slain by a scorpion (5 damage)
             ... on level 5 of the Dungeon.
             The game lasted 00:03:56 (3345 turns).

Demosthentine the Ducker (Demonspawn Gladiator)     Turns: 3345, Time: 00:03:57

Health: -2/61      AC: 22    Str: 17    XL:     5   Next: 97%
Magic:  5/5        EV:  2    Int:  9    God:    Hepliaklqana [......]
Gold:   167        SH:  0    Dex: 14    Spells: 4/4 levels left

rFire   . . .      SeeInvis +    a - +0 trident
rCold   + . .      Faith    .    (no shield)
rNeg    . . .      Spirit   .    b - melded +0 leather armour
rPois   +          Reflect  .    c - melded +0 helmet
rElec   .          Rampage  .    (cloak currently unavailable)
rCorr   .          NoTele   +    h - melded +0 pair of gloves
Will    .....                    j - melded +0 pair of boots
Stlth   +                        q - amulet of the acrobat
HPRegen 0.30/turn                g - ring of protection from cold
MPRegen 0.09/turn                l - ring of see invisible

@: lethally poisoned (-2 -> -11), tree-form, studying Armour
A: stationary, stasis, torment immunity, boosted hp, powered by death 2
a: Renounce Religion


You were on level 5 of the Dungeon.
You worshipped Hepliaklqana.
Hepliaklqana was noncommittal.
You were a tree.
You visited 2 branches of the dungeon, and saw 6 of its levels.

You collected 167 gold pieces.

Inventory:

Hand Weapons
 a - a +0 trident (weapon)
Missiles
 e - a javelin (quivered)
Armour
 b - a +0 leather armour (melded)
 c - a +0 helmet (melded)
 h - a +0 pair of gloves (melded)
 j - a +0 pair of boots (melded)
Jewellery
 g - a ring of protection from cold (left branch)
 l - a ring of see invisible (right branch)
 q - an amulet of the acrobat (around neck)
 r - a +6 ring of strength
 s - an amulet of magic regeneration
Wands
 v - a wand of roots (8)
Scrolls
 k - 3 scrolls of teleportation
 t - a scroll of amnesia
Potions
 f - 2 potions of lignification
 i - 2 potions of haste
 m - a potion of brilliance
 n - a potion of mutation
 o - 2 potions of heal wounds {unknown}
 p - a potion of attraction
 w - a potion of ambrosia {unknown}
 x - 3 potions of curing {unknown}
 z - a potion of might {unknown}


   Skills:
 + Level 3.5 Fighting
 + Level 3.8 Polearms
 - Level 1.7 Throwing
 + Level 2.7 Armour
 + Level 3.8 Dodging


You had 4 spell levels left.
You didn't know any spells.
Your spell library was empty.

Dungeon Overview and Level Annotations

Branches:
Dungeon (5/15)             Temple (1/1) D:4

Altars:
Ashenzari
Cheibriados
Dithmenos
Fedhas
Gozag
Hepliaklqana
Kikubaaqudgha
Nemelex Xobeh
Okawaru
Qazlal
Ru
Sif Muna
Trog
Uskayaw
Vehumet
Wu Jian
Xom
Yredelemnul


Innate Abilities, Weirdness & Mutations

You are a tree.
Your roots penetrate the ground, keeping you stationary.
You cannot be teleported.
You are immune to unholy pain and torment.
Your maximum health is greatly increased.
Your equipment is partially melded.
You regenerate health from kills.


Message History

The scorpion is severely wounded.
You feel sick.
The scorpion struggles against the net.
You barely miss the scorpion.
The scorpion is severely wounded.
You feel sick.
The scorpion struggles against the net.
You hit the scorpion but do no damage.
The scorpion is severely wounded.
You feel sick.
The scorpion struggles against the net. x2
You barely miss the scorpion.
The scorpion is severely wounded.
You feel sick.
The scorpion struggles against the net.
The net rips apart, and the scorpion comes free!
Throw: throwing net
Press: ? - help, Q - select action, (/) - cycle Shift-Dir - straight line, f/p - scorpion
Aim: a scorpion (severely wounded, 59% to hit)
Okay, then.
Throw: throwing net
Press: ? - help, Q - select action, (/) - cycle Shift-Dir - straight line, f/p - scorpion
Aim: a scorpion (severely wounded, 59% to hit)
You throw a throwing net.
The throwing net completely misses the scorpion.
You feel sick.
The scorpion stings you but does no damage.
You closely miss the scorpion.
The scorpion is severely wounded.
You feel sick. The scorpion stings you.
* * * LOW HITPOINT WARNING * * *
You are lethally poisoned!
The scorpion poisons you!
It was a potion of lignification.
You turn into a tree.
Your +0 helmet melds into your body.
Your +0 pair of gloves melds into your body.
Your +0 pair of boots melds into your body.
Your +0 leather armour melds into your body.
Your roots penetrate the ground.
* * * LOW HITPOINT WARNING * * *
You feel sick.
The scorpion stings you but does no damage.
The scorpion stings you.
You die...

.#
######...#.
#..♣s.....(
##.#######.
#.# #.# #.#
#.# ##.###
#....#
####.#


You could see a scorpion.

Vanquished Creatures
  An ogre (D:3)
  An orc priest (D:4)
  An orc wizard (D:4)
  5 adders
  A worm (D:2)
  2 dart slugs
  7 orcs
  10 ball pythons
  4 endoplasms
  4 giant cockroaches
  11 goblins
  5 hobgoblins
  A quokka (D:1)
  3 bats
  3 frilled lizards
  4 kobolds
  8 rats
71 creatures vanquished.

Notes
Turn   | Place    | Note
-------+----------+-------------------------------------------
     0 | D:1      | Demosthentine the Demonspawn Gladiator began the quest for
                  | the Orb.
     0 | D:1      | Reached XP level 1. HP: 16/16 MP: 1/1
    93 | D:1      | Found a faded altar of an unknown god.
   183 | D:1      | Gained mutation: You regenerate a little health from kills.
                  | [demonic ancestry]
   183 | D:1      | Reached XP level 2. HP: 12/22 MP: 2/2
   548 | D:1      | Reached skill level 1 in Armour
   832 | D:2      | Reached XP level 3. HP: 25/28 MP: 3/3
  1749 | D:3      | Found a broken altar of Ashenzari.
  2057 | D:3      | Gained mutation: You regenerate health from kills. [demonic
                  | ancestry]
  2057 | D:3      | Reached XP level 4. HP: 34/34 MP: 4/4
  2157 | D:3      | Noticed an ogre
  2180 | D:3      | Killed an ogre
  2181 | D:3      | Reached XP level 5. HP: 41/41 MP: 5/5
  2419 | D:3      | Identified a scroll of acquirement
  2419 | D:3      | Acquired a manual of Armour
  2566 | D:4      | Identified the +5 dagger "Olayqeg" {venom, rC++ Stlth+}
  2743 | D:4      | Found a staircase to the Ecumenical Temple.
  2884 | Temple   | Entered the Ecumenical Temple
  3063 | Temple   | Became a worshipper of Hepliaklqana the Forgotten
  3285 | D:5      | Entered Level 5 of the Dungeon
  3345 | D:5      | HP: 3/61 [poisoned by a scorpion]
  3345 | D:5      | Slain by a scorpion

Illustrated notes

Levels and vault maps discovered:
D:1:      wheals_arrival_shading, layout_loops_ring,
          shapermc_ecumenical_altar_totnotflames,
          chequers_serial_rivers_micro_a, st_stairs_2
D:2:      layout_basic, minmay_surrounded
D:3:      layout_loops_cross, mainiacjoe_overflow_boulevard,
          minmay_ogre_servants
D:4:      layout_layer_cave, minmay_temple_entry_overgrown
D:5:      layout_basic, uniq_menkaure, uniq_sigmund
Temple:   nicolae_temple_bog_church

Skill      XL: |  1  2  3  4 |
---------------+-------------+-----
Armour         | 1 2 |  2.7
Polearms       | 3 |  3.8
Dodging        | 3 |  3.8
Fighting       | 3 |  3.5
Throwing       | |  1.7

Action                     |  1- 3 |  4- 6 || total
---------------------------+-------+-------++-------
  Melee: Trident           |   135 |   118 ||   253
         Punch             |     1 |     1 ||     2
  Throw: Throwing net      |       |     4 ||     4
    Use: Scroll            |     2 |     7 ||     9
         Potion            |       |     1 ||     1
   Stab: Sleeping          |     4 |     1 ||     5
         Held in net/web   |       |     1 ||     1
 Armour: Leather armour    |    27 |    24 ||    51
         Skin              |       |     1 ||     1
  Dodge: Dodged            |    58 |    54 ||   112

Table legend: (Time is in decaauts)
 A = Elapsed time spent in this place.
 B = Non-inter-level travel time spent in this place.
 C = Inter-level travel time spent in this place.
 D = Time resting spent in this place.
 E = Time spent auto-exploring this place.
 F = Levels seen in this place.
 G = Mean time per level.
                   A        B        C        D        E       F      G
               +--------+--------+--------+--------+--------+-----+--------+
         Total |   3386 |   3268 |    118 |      0 |   2667 |   6 |  564.3 |
       Dungeon |   3191 |   3074 |    117 |      0 |   2521 |   5 |  638.2 |
        Temple |    194 |    194 |      0 |      0 |    146 |   1 |  194.0 |
               +--------+--------+--------+--------+--------+-----+--------+

Top non-repeatable levels by time:
     D:3: 850 daAuts
     D:1: 819 daAuts
     D:2: 807 daAuts
     D:4: 653 daAuts
  Temple: 194 daAuts
     D:5: 61 daAuts
